 Dungeon Crawl Stone Soup version 0.17-a0-1804-gf6433eb (webtiles) character file.

29432 dorian the Bewitcher (level 13, -2/55 HPs)
             Began as a Spriggan Enchanter on Sept 11, 2015.
             Was an Initiate of Gozag.
             Slain by a six-headed hydra (12 damage)
             ... on level 3 of the Lair of Beasts.
             The game lasted 00:56:54 (16765 turns).

dorian the Bewitcher (Spriggan Enchanter)          Turns: 16765, Time: 00:56:56

Health: -2/55      AC:  5    Str:  4    XL:     13   Next: 15%
Magic:  13/32      EV: 25    Int: 26    God:    Gozag
Gold:   1450       SH:  0    Dex: 14    Spells: 8 memorised, 16 levels left

rFire  + . .     SeeInvis +     l - +4 dagger (venom)
rCold  . . .     Clarity  .     O - +0 robe of Xeacker {rElec MR- Int+4}
rNeg   . . .     SustAt   .     (shield restricted)
rPois  .         Gourm    .     (helmet restricted)
rElec  +         Spirit   .     V - +2 cloak
rCorr  .         Warding  .     (gloves unavailable)
rMut   .         Stasis   .     (boots unavailable)
MR     +....                    (no amulet)
Stlth  ++++++++..               T - ring of stealth
                                g - ring of protection from fire

@: studying Spellcasting, very quick, somewhat resistant to hostile
enchantments, extraordinarily stealthy
A: unfitting armour, horns 1, talons 1, see invisible, blink 1, clumsy 1,
herbivore 3, speed 3, high mp 1, slow metabolism 2, subdued magic 1, MP-powered
wands
a: Blink, Potion Petition, Call Merchant, Bribe Branch, Renounce Religion


You were on level 3 of the Lair of Beasts.
You worshipped Gozag.
Gozag was noncommittal.
You were not hungry.

You visited 3 branches of the dungeon, and saw 17 of its levels.

You collected 3813 gold pieces.
You paid 2363 gold pieces to Gozag.

Inventory:

Hand weapons
 h - a +0 blowgun
 j - the +10 falchion "Ytzaps" {flame, Str+4}
   (You found it on level 2 of the Lair of Beasts)

   It has been specially enchanted to burn those struck by it, causing extra
   injury to most foes and up to half again as much damage against particularly
   susceptible opponents.
   Big, fiery blades are also staple armaments of hydra-hunters.
   It affects your strength (+4).
 l - a +4 dagger of venom (weapon)
Missiles
 q - 54 poisoned needles
Armour
 b - a +1 robe
 I - a +2 robe of cold resistance
 J - a +0 cloak of invisibility
 O - the +0 robe of Xeacker (worn) {rElec MR- Int+4}
   (You found it on level 10 of the Dungeon)

   It affects your intelligence (+4).
   It insulates you from electricity.
   It affects your resistance to hostile enchantments.
 V - a +2 cloak (worn)
Jewellery
 g - a ring of protection from fire (left hand)
 T - a ring of stealth (right hand)
Magical devices
 a - a wand of slowing (13)
 p - a wand of magic darts (10)
 C - a wand of confusion (23)
 D - a wand of flame (20)
 E - a wand of disintegration (13)
 F - a wand of polymorph (8)
 H - a wand of slowing (40)
 P - a wand of magic darts (19)
 Z - a wand of confusion (12)
Scrolls
 c - a scroll of fog
 f - 3 scrolls of remove curse
 i - 9 scrolls of identify
 r - 4 scrolls of teleportation
 M - a scroll of blinking
Potions
 e - 3 potions of invisibility
 m - 9 potions of curing
 n - 2 potions of haste
 L - 3 potions of heal wounds
Books
 k - a book of Transfigurations

   Spells                             Type                      Level
   a - Stoneskin                      Transmutation/Earth          2
   b - Irradiate                      Conjuration/Transmutation    5
   c - Statue Form                    Transmutation/Earth          6
   d - Hydra Form                     Transmutation                6
   e - Dragon Form                    Transmutation                7
 R - a manual of Spellcasting
Miscellaneous
 W - a box of beasts
Comestibles
 d - 6 bread rations
 G - 39 fruits


   Skills:
 - Level 11.0 Short Blades
 + Level 1.2(5.4) Long Blades
 + Level 11.7 Dodging
 - Level 15.0 Stealth
 + Level 11.6 Spellcasting
 + Level 15.1 Hexes
 + Level 3.6 Charms
 + Level 0.5 Air Magic
 + Level 6.6 Evocations


You had 16 spell levels left.
You knew the following spells:

 Your Spells              Type           Power        Failure   Level  Hunger
a - Corona                Hex            ######.      0%          1    None
b - Ensorcelled Hibernat  Hex/Ice        #####.       1%          2    None
c - Confuse               Hex            ######..     0%          3    None
d - Tukima's Dance        Hex            ######..     0%          3    None
e - Repel Missiles        Chrm/Air       ###...       1%          2    None
f - Mephitic Cloud        Conj/Pois/Air  ##......     5%          3    None
g - Conjure Flame         Conj/Fire      ##......     7%          3    None
h - Blink                 Tloc           N/A          4%          2    None


Dungeon Overview and Level Annotations

Branches:
Dungeon (13/15)            Temple (1/1) D:4            Lair (3/8) D:11
    Orc (0/4) D:12
  Swamp: Lair:3-6    Shoals: Lair:3-6     Snake: Lair:3-6    Spider: Lair:3-6
 Vaults: D:13-14

Altars:
Ashenzari
Cheibriados
Dithmenos
Elyvilon
Fedhas
Gozag
Kikubaaqudgha
Makhleb
Nemelex Xobeh
Okawaru
Qazlal
Ru
Sif Muna
Trog
Vehumet
Xom
Yredelemnul
The Shining One

Shops:
D:13 ?   D:14 :   Vaults:1 :

Portals:
Trove: D:13 (give +5 demon blade)


Innate Abilities, Weirdness & Mutations

You are tiny and cannot use many weapons and most armour.
You have supernaturally acute eyesight.
You are a herbivore.
You cover ground extremely quickly.
You need consume almost no food.
You have a pair of small horns on your head.
You have sharp toenails.
You can translocate small distances at will.
You are clumsy. (Dex -2)
You have an increased reservoir of magic (+10% MP).
Your spells are a little easier to cast, but a little less powerful.
You expend magic power (3 MP) to strengthen your wands.


Message History

You hit the six-headed hydra.
The six-headed hydra is lightly wounded.
You puncture the six-headed hydra! You claw the six-headed hydra.
The six-headed hydra is lightly wounded.
You hit the six-headed hydra.
You claw the six-headed hydra, but do no damage.
You headbutt the six-headed hydra.
The six-headed hydra is moderately wounded.
The centaur cries.
You hit the six-headed hydra. You headbutt the six-headed hydra.
The six-headed hydra is moderately wounded.
You hit the six-headed hydra.
The six-headed hydra is moderately wounded.
The six-headed hydra bites you!
* * * LOW HITPOINT WARNING * * *
The six-headed hydra misses you.
The six-headed hydra completely misses you.
The six-headed hydra bites you!
You die...
Your body crumbles into a pile of gold.

#P#. ...# ...# #..# .....#
#..### ..... . #....#
#....+.......... ##. #...#
#...##.......#.#.
##..###...###@## #............
...........#D#.###............
..........(.....(.............
..............................
.......c........<.............
#..P..$.......................
.######...P#P...#...#.........
#...###..######....#.#.P
......# #..P#####...##....


You could see a six-headed hydra (confused) and a centaur (confused).

Vanquished Creatures
  Josephine (D:11)
  A hydra (Lair:1)
  Erolcha (D:11)
  The ghost of METASAKKE the Basher, a powerful GrBe of Trog (Lair:2)
  A centaur warrior (D:13)
  Urug (Lair:2)
  The ghost of dadoka the Martial Artist, an experienced OpTm of Vehumet (D:10)
  An unseen horror (D:13)
  2 manticores
  5 hill giants
  3 ugly things
  A cyclops (D:13)
  Maurice (D:11)
  4 spiny frogs
  2 gargoyles
  The ghost of shakdrar the Shield-Bearer, an experienced FoFi of Ashenzari (D:5)
  2 centaur skeletons
  A komodo dragon (Lair:1)
  4 slime creatures
  A polar bear (Lair:2)
  4 trolls
  Prince Ribbit (D:5)
  A trapdoor spider zombie (D:13)
  4 blink frogs (Lair:1)
  A trapdoor spider (D:13)
  Sigmund (D:5)
  18 yaks
  4 deep elf magi
  A spriggan (Lair:2)
  A water elemental (D:12)
  Eustachio (D:5)
  4 hungry ghosts
  5 hippogriffs
  5 wraiths
  A soldier ant (D:12)
  7 porcupines
  3 wolves (Lair:2)
  Duvessa (D:7)
  2 ice beasts (D:10)
  9 water moccasins
  7 orc warriors
  4 black bears
  A phantom (D:11)
  A necrophage (D:9)
  A sky beast (D:5)
  3 centaurs
  5 ogres
  5 crocodiles
  Dowan (D:7)
  4 big kobolds
  8 giant frogs
  A water moccasin zombie (D:11)
  3 wyvern skeletons
  A wyvern zombie (D:7)
  A scorpion (D:10)
  4 crimson imps
  4 electric eels
  7 hounds
  2 giant frog zombies (D:5)
  7 orc priests
  3 giant frog skeletons
  10 orc wizards
  Ijyb (D:2)
  A centaur zombie (D:10)
  6 jellies
  5 worker ants
  8 iguanas
  4 sheep (Lair:3)
  9 river rats
  2 shadow imps
  8 adders
  18 oozes
  4 adder skeletons
  2 adder zombies
  52 orcs
  2 ball pythons
  7 giant cockroaches
  8 goblins
  7 hobgoblins
  9 jackals
  22 kobolds
  7 quokkas
  11 bats
  4 giant geckos
  8 giant newts
  A jackal skeleton (D:4)
  A quokka skeleton (D:7)
  8 rats
  A spectral orc (D:5)
  A fungus (D:6)
409 creatures vanquished.

Vanquished Creatures (others)
  5 fungi
  A plant (Lair:1)
6 creatures vanquished.

Grand Total: 415 creatures vanquished

Notes
Turn   | Place    | Note
--------------------------------------------------------------
     0 | D:1      | dorian the Spriggan Enchanter began the quest for the Orb.
     0 | D:1      | Reached XP level 1. HP: 9/9 MP: 5/5
   272 | D:1      | Reached XP level 2. HP: 10/13 MP: 6/6
   318 | D:1      | Learned a level 2 spell: Ensorcelled Hibernation
   527 | D:1      | Reached skill level 5 in Stealth
  1097 | D:2      | Reached XP level 3. HP: 13/16 MP: 8/8
  1543 | D:2      | Noticed Ijyb
  1546 | D:2      | Killed Ijyb
  1546 | D:2      | Reached skill level 6 in Stealth
  1546 | D:2      | Reached skill level 5 in Hexes
  1546 | D:2      | Reached XP level 4. HP: 21/21 MP: 6/9
  2008 | D:2      | Reached XP level 5. HP: 12/24 MP: 5/10
  2466 | D:3      | Reached skill level 7 in Stealth
  2490 | D:3      | Learned a level 3 spell: Confuse
  2772 | D:4      | Found a staircase to the Ecumenical Temple.
  2775 | D:4      | Noticed an ogre
  2780 | Temple   | Entered the Ecumenical Temple
  2863 | Temple   | Became a worshipper of Gozag Ym Sagoz the Greedy
  2916 | D:4      | Killed an ogre
  2916 | D:4      | Reached XP level 6. HP: 23/28 MP: 7/11
  2996 | D:4      | Reached skill level 8 in Stealth
  3281 | D:5      | Entered Level 5 of the Dungeon
  3287 | D:5      | Noticed Eustachio
  3331 | D:5      | Noticed Prince Ribbit
  3652 | D:5      | Killed Eustachio
  3652 | D:5      | Reached skill level 9 in Stealth
  3652 | D:5      | Reached XP level 7. HP: 32/32 MP: 1/12
  3753 | D:5      | Found a shattered altar of Ashenzari.
  3783 | D:5      | Noticed Sigmund
  3798 | D:5      | Killed Sigmund
  3798 | D:5      | Reached skill level 10 in Stealth
  3834 | D:5      | Noticed shakdrar's ghost (experienced FoFi)
  3865 | D:5      | Killed shakdrar's ghost
  3865 | D:5      | Reached skill level 11 in Stealth
  3865 | D:5      | Reached XP level 8. HP: 36/36 MP: 8/13
  3907 | D:5      | Found a radiant altar of Vehumet.
  4386 | D:5      | Killed Prince Ribbit
  4537 | D:5      | Found a basalt altar of Yredelemnul.
  4812 | D:6      | Reached skill level 12 in Stealth
  4952 | D:6      | Reached skill level 10 in Hexes
  5469 | D:7      | Reached XP level 9. HP: 39/39 MP: 10/14
  5541 | D:7      | Noticed Dowan
  5544 | D:7      | Noticed Duvessa
  5552 | D:7      | Killed Duvessa
  5555 | D:7      | Killed Dowan
  5844 | D:7      | Reached skill level 13 in Stealth
  6294 | D:8      | Found a shadowy altar of Dithmenos.
  6323 | D:8      | Found a burning altar of Makhleb.
  6671 | D:8      | Reached skill level 5 in Short Blades
  6987 | D:8      | Found a bloodstained altar of Trog.
  7235 | D:8      | Reached skill level 14 in Stealth
  7802 | D:9      | Reached XP level 10. HP: 44/44 MP: 15/15
  7831 | D:9      | Found an ancient bone altar of Kikubaaqudgha.
  8774 | D:10     | Entered Level 10 of the Dungeon
  8843 | D:10     | Noticed a hill giant
  8862 | D:10     | Killed a hill giant
  8862 | D:10     | Reached skill level 15 in Stealth
  8974 | D:10     | Got a silken robe
  8985 | D:10     | Identified the cursed +0 robe of Xeacker {rElec MR- Int+4} (You found it on level 10 of the Dungeon)
  9025 | D:10     | Noticed a hill giant
  9044 | D:10     | Killed a hill giant
  9052 | D:10     | Learned a level 3 spell: Tukima's Dance
  9081 | D:10     | Noticed a hill giant
  9089 | D:10     | Killed a hill giant
  9089 | D:10     | Reached skill level 5 in Dodging
  9230 | D:10     | Noticed dadoka's ghost (experienced OpTm)
  9240 | D:10     | Killed dadoka's ghost
  9489 | D:10     | Reached XP level 11. HP: 47/47 MP: 13/16
 10017 | D:11     | Noticed a hill giant
 10124 | D:11     | Noticed Josephine
 10141 | D:11     | Killed a hill giant
 10160 | D:11     | Killed Josephine
 10282 | D:11     | Reached skill level 5 in Spellcasting
 10299 | D:11     | Found a staircase to the Lair.
 10683 | D:11     | Noticed Maurice
 10698 | D:11     | Noticed Erolcha
 10700 | D:11     | Killed Maurice
 10773 | D:10     | Identified a scroll of acquirement
 10839 | D:11     | Killed Erolcha
 11328 | D:13     | Noticed an unseen horror
 11330 | D:13     | Found Zim Qiag's Magic Scroll Shoppe.
 11352 | D:13     | Reached skill level 10 in Short Blades
 11470 | D:13     | Reached XP level 12. HP: 39/51 MP: 14/25
 11585 | D:12     | Found a shimmering altar of Xom.
 11586 | D:12     | Found a shimmering altar of Xom.
 11587 | D:12     | Found a shimmering altar of Xom.
 11589 | D:12     | Found a shimmering altar of Xom.
 11658 | D:11     | Reached skill level 1 in Evocations
 11832 | D:12     | Noticed a hill giant
 11850 | D:12     | Killed a hill giant
 12027 | D:12     | Reached skill level 10 in Dodging
 12598 | D:12     | Learned a level 2 spell: Repel Missiles
 12602 | D:12     | Learned a level 3 spell: Mephitic Cloud
 12606 | D:12     | Learned a level 3 spell: Conjure Flame
 13313 | D:12     | Found a staircase to the Orcish Mines.
 13570 | D:13     | Killed an unseen horror
 13586 | D:13     | Found a portal to a secret trove of treasure.
 14111 | D:13     | Noticed a centaur warrior
 14125 | D:13     | Killed a centaur warrior
 14125 | D:13     | Reached skill level 10 in Spellcasting
 14358 | Lair:1   | Entered Level 1 of the Lair of Beasts
 14407 | Lair:1   | Reached skill level 5 in Evocations
 14816 | Lair:1   | Reached skill level 1 in Charms
 15026 | Lair:1   | Noticed a six-headed hydra
 15035 | Lair:1   | Killed a six-headed hydra
 15216 | Lair:1   | Gained mutation: You have sharp toenails. [potion of mutation]
 15216 | Lair:1   | Gained mutation: Your spells are a little easier to cast, but a little less powerful. [potion of mutation]
 15216 | Lair:1   | Gained mutation: Your muscles are strong. (Str +2) [potion of mutation]
 15217 | Lair:1   | Lost mutation: Your muscles are strong. (Str +2) [potion of mutation]
 15217 | Lair:1   | Gained mutation: You can translocate small distances at will. [potion of mutation]
 15217 | Lair:1   | Gained mutation: You have an increased reservoir of magic (+10% MP). [potion of mutation]
 15218 | Lair:1   | Gained mutation: You expend magic power (3 MP) to strengthen your wands. [potion of mutation]
 15218 | Lair:1   | Gained mutation: You are clumsy. (Dex -2) [potion of mutation]
 15218 | Lair:1   | Gained mutation: You have a pair of small horns on your head. [potion of mutation]
 15352 | Lair:1   | Learned a level 2 spell: Blink
 15476 | Lair:2   | Got a dazzling falchion
 15477 | Lair:2   | Identified the +10 falchion "Ytzaps" {flame, Str+4} (You found it on level 2 of the Lair of Beasts)
 15516 | Lair:2   | Noticed METASAKKE's ghost (powerful GrBe)
 15565 | Lair:2   | Killed METASAKKE's ghost
 15565 | Lair:2   | Reached skill level 15 in Hexes
 15840 | Lair:2   | Noticed Urug
 15851 | Lair:2   | Killed Urug
 15851 | Lair:2   | Reached XP level 13. HP: 43/55 MP: 32/32
 16094 | Lair:2   | Reached skill level 1 in Long Blades
 16765 | Lair:3   | Slain by a six-headed hydra

Vault maps used:
D:1:      minmay_arrival_shoal_huts, st_stairs_1
D:2:      first_bread, uniq_iyjb
D:4:      temple_fountains, minmay_misc_feat_diagonals, minmay_strange_pillars
D:5:      vehumet_altar_wand_db, yredelemnul_forgotten_temple_becter,
          lemuel_coloured_pillars_altar, uniq_prince_ribbit1, uniq_sigmund,
          uniq_eustachio
D:6:      minmay_gold_behind_fungi
D:7:      uniq_duvessa
D:8:      lemuel_crystal_altar, nicolae_dithmenos_through_a_glass_darkly,
          trog_ov_bears_minmay
D:9:      nicolae_overflow_crystal_walls
D:10:     blue_anna_alchemist, grunt_ministairs_6, kennysheep_small_square
D:11:     dpeg_lair_monsters, onia_ninara_dug_in_and_dangerous, uniq_josephine,
          uniq_maurice, uniq_erolcha
D:12:     erik_orc_2, xom_redecorated
D:13:     nicolae_trove_entry_diagonal
Temple:   oiseaux_autumnal_temple_12
Lair:1:   serial_bayou_lagoon_a
Lair:2:   lemuel_slime, grunt_forest_stairs_clearing, uniq_urug
Lair:3:   minmay_shoals_entry_centaurs, lemuel_fruit_fields, grunt_megastairs_2

Action                   |  1- 3 |  4- 6 |  7- 9 | 10-12 | 13-15 || total
-------------------------+-------+-------+-------+-------+-------++-------
Melee: Dagger            |   123 |   159 |   267 |   484 |   108 ||  1141
       Falchion          |       |       |       |    40 |    37 ||    77
 Cast: Corona            |     8 |     1 |       |       |       ||     9
       Ensorcelled Hiber |    10 |    28 |    36 |    53 |     2 ||   129
       Confuse           |       |     5 |    20 |   104 |    18 ||   147
       Conjure Flame     |       |       |       |     1 |       ||     1
       Repel Missiles    |       |       |       |     1 |       ||     1
Invok: Call Merchant     |       |       |       |     3 |       ||     3
Evoke: Wand              |       |       |       |     9 |       ||     9
  Use: Scroll            |       |       |    10 |    10 |       ||    20
       Potion            |       |       |       |    12 |       ||    12
 Stab: Sleeping          |    23 |    30 |    37 |    61 |    12 ||   163
       Confused          |       |     3 |    19 |    86 |     9 ||   117
       Distracted        |       |       |     3 |     7 |     3 ||    13
  Eat: Bread ration      |       |     1 |     1 |     2 |       ||     4
       Pizza             |       |       |       |     1 |       ||     1
